 Dungeon Crawl Stone Soup version 0.30-a0-691-g754fce4c43 (webtiles) character file.

Game seed: 18195114804854580325

4861 Mitcholas the Fighter (level 10, -50/78 HPs)
             Began as a Djinni Conjurer on Jan 19, 2023.
             Was an Initiate of Ashenzari.
             Annihilated by a white ugly thing (52 damage)
             ... on level 8 of the Dungeon.
             The game lasted 00:26:08 (8038 turns).

Mitcholas the Fighter (Djinni Conjurer)             Turns: 8038, Time: 00:26:09

Health: -50/78     AC:  4    Str:  6    XL:     10   Next: 78%
Gold:   345        EV: 14    Int: 23    God:    Ashenzari [......] SH:  0 Dex: 15

rFire   + + .      SeeInvis .    l - +0 scythe (venom)
rCold   x . .      Faith    .    (shield currently unavailable)
rNeg    . . .      Spirit   .    a - +0 robe
rPois   ∞          Reflect  .    v - +1 hat "Burden of Ashenzari" {Evo, Self} (curse)
rElec   .          Harm     .    B - +0 cloak
rCorr   +          Rampage  .    (no gloves)
Will    +....                    (boots unavailable)
Stlth   +++                      (no amulet)
HPRegen 0.33/turn                q - ring "Lonojut" {rCorr Dex+2}
MPRegen 0.00/turn                (no ring)

@: flying
A: sickness immunity, fire resistance 2, cold vulnerability 1, float, innate
caster, HP casting, extra vitality 1
a: Renounce Religion, Curse Item, Shatter the Chains


You were on level 8 of the Dungeon.
You worshipped Ashenzari.
Ashenzari was noncommittal.
You visited 2 branches of the dungeon, and saw 10 of its levels.

You collected 345 gold pieces.

Inventory:

Hand Weapons
 l - a +0 scythe of venom (weapon)
Missiles
 t - 3 curare-tipped darts
 z - a throwing net
Armour
 a - a +0 robe (worn)
 v - the cursed +1 hat "Burden of Ashenzari" (worn) {Evo, Self}
   (You found it on level 5 of the Dungeon)

   It has a curse which improves the following skills: Evocations: Evocations.
   Introspection: Fighting and Spellcasting.
 B - a +0 cloak (worn)
Jewellery
 q - the ring "Lonojut" (left hand) {rCorr Dex+2}
   (You found it on level 3 of the Dungeon)

   [ring of resist corrosion]

   Dex:       It affects your dexterity (+2).
   rCorr:     It protects you from acid and corrosion.
 y - a ring of fire
Wands
 r - a wand of flame (37)
 F - a wand of digging (3)
 G - a wand of mindburst (8)
Scrolls
 c - 5 scrolls of magic mapping {unknown}
 d - 2 scrolls of silence {unknown}
 f - 6 scrolls of immolation {unknown}
 h - 9 scrolls of identify {unknown}
 k - a scroll of poison {unknown}
 n - 2 scrolls of summoning {unknown}
 o - 3 scrolls of vulnerability {unknown}
 u - 3 scrolls of teleportation {unknown}
 A - a scroll of blinking {unknown}
 C - a scroll of enchant armour {unknown}
 E - a scroll of amnesia {unknown}
Potions
 b - a potion of magic
 e - 2 potions of heal wounds {unknown}
 g - a potion of degeneration {unknown}
 i - 4 potions of curing {unknown}
 j - 4 potions of mutation {unknown}
 m - a potion of ambrosia {unknown}
 p - a potion of haste {unknown}
 s - 4 potions of flight {unknown}
 w - 6 potions of lignification {unknown}
 x - a potion of cancellation {unknown}
 D - a potion of resistance {unknown}


   Skills:
 * Level 8.7(9.1) Fighting
 + Level 4.1 Armour
 + Level 5.2 Dodging
 + Level 4.2 Stealth
 * Level 7.5(8.0) Spellcasting
 + Level 4.1(4.5) Evocations


You had one spell level left.
You knew the following spells:

 Your Spells              Type           Power      Damage    Failure   Level
a - Magic Dart            Conj           100%       1d8       1%          1
b - Searing Ray           Conj           92%        2d7       1%          2
c - Dazzling Flash        Conj/Hex       92%        N/A       1%          3
d - Fulminant Prism       Conj/Hex       23%        3d12      2%          4
e - Iskenderun's Mystic   Conj/Tloc      46%        2d10      2%          4
f - Sting                 Tmut/Pois      100%       1d8       1%          1
g - Poisonous Vapours     Pois/Air       92%        N/A       1%          2
h - Stone Arrow           Conj/Erth      92%        3d12      1%          3
i - Olgreb's Toxic Radia  Pois           46%        N/A       2%          4
Your spell library was empty.

Dungeon Overview and Level Annotations

Branches:
Dungeon (9/15)             Temple (1/1) D:6
   Lair: D:8-11         Orc: D:9-12

Altars:
Ashenzari
Cheibriados
Elyvilon
Gozag
Okawaru
Qazlal
Ru
Trog
Uskayaw
Wu Jian
Xom
Yredelemnul
Zin
The Shining One

Annotations:
D:8 Amaemon, Joseph


Innate Abilities, Weirdness & Mutations

You are immune to sickness and miasma.
You are immune to poison.
Your flesh is very heat resistant. (rF++)
You are vulnerable to cold. (rC-)
You float through the air rather than walking.
You learn spells naturally, not from books.
Your magical power is your life essence.
You have superior vitality. (+4 MHP)


Message History

a +0 war axe; a +0 plate armour
Casting: Poisonous Vapours (safe; 1% risk of failure)
Confirm with . or Enter, or press ? or * to list all spells.
Aiming: Stone Arrow (safe; 1% risk of failure)
Press: ? - help, Shift-Dir - straight line, f/p - white ugly thing
Aim: a white ugly thing (lightly wounded, very poisoned, 76% to hit)
The stone arrow misses the white ugly thing.
Casting: Stone Arrow (safe; 1% risk of failure)
Confirm with . or Enter, or press ? or * to list all spells.
Aiming: Stone Arrow (safe; 1% risk of failure)
Press: ? - help, Shift-Dir - straight line, f/p - white ugly thing
Aim: a white ugly thing (moderately wounded, very poisoned, 76% to hit)
The stone arrow hits the white ugly thing!!
The white ugly thing is heavily wounded.
Casting: Stone Arrow (safe; 1% risk of failure)
Confirm with . or Enter, or press ? or * to list all spells.
Aiming: Stone Arrow (safe; 1% risk of failure)
Press: ? - help, Shift-Dir - straight line, f/p - white ugly thing
Aim: a white ugly thing (heavily wounded, very poisoned, 76% to hit)
The stone arrow misses the white ugly thing.
Casting: Stone Arrow (safe; 1% risk of failure)
Confirm with . or Enter, or press ? or * to list all spells.
You erupt in a blast of force!
The mystic blast hits the white ugly thing.
The white ugly thing is heavily wounded.
The white ugly thing tail-slaps you! The white ugly thing freezes you!!!
You feel a terrible chill!
Ouch! That really hurt!
* * * LOW HITPOINT WARNING * * *
Casting: Iskenderun's Mystic Blast (dangerous; 2% risk of failure)
Confirm with . or Enter, or press ? or * to list all spells.
You erupt in a blast of force!
The mystic blast hits the white ugly thing!
The white ugly thing is severely wounded.
* * * LOW HITPOINT WARNING * * *
The white ugly thing tail-slaps you!
* * * LOW HITPOINT WARNING * * *
The white ugly thing freezes you!!!
You feel a terrible chill!
Ouch! That really hurt!
You die...

##...=..........## ########
##.....#.......# #......#
#....###...##O..
#..>...#####....#####....###
#.....................##..
###......#####....##### #
#...#..#.##########
.......#.#...)...#
.###.........###@# .#
####...#### #u# .## #####
##.# ..# #..# ..# #..###
..## #....######### ## #..#
#..##.........##.. #..# #..
#..u......#..# ...#
#..##...........##.


You could see a white ugly thing (very poisoned).

Vanquished Creatures
  A boulder beetle (D:8)
  A two-headed ogre (D:9)
  Grinder (D:5)
  Sigmund (D:3)
  A wraith (D:7)
  A vampire (D:8)
  A wyvern (D:9)
  A basilisk (D:8)
  A vampire mosquito (D:8)
  Menkaure (D:4)
  Edmund (D:5)
  A water moccasin (D:5)
  2 ice beasts
  2 black bears
  2 orc warriors
  A sky beast (D:7)
  An ogre (D:4)
  3 centaurs
  3 bullfrogs
  2 scorpions (D:4)
  A wight (D:8)
  A killer bee (D:8)
  2 howler monkeys
  4 hounds
  A jelly (D:5)
  2 iguanas (D:5)
  6 orc priests
  6 orc wizards
  9 adders
  4 gnolls (D:3)
  A shadow imp (D:6)
  3 white imps
  An ufetubus (D:6)
  2 worms
  4 dart slugs
  38 orcs
  10 endoplasms
  3 giant cockroaches (D:1)
  10 goblins
  8 hobgoblins
  3 jackals (D:4)
  8 kobolds
  5 quokkas (D:1)
  5 ball pythons
  9 bats
  2 frilled lizards (D:1)
  4 rats
180 creatures vanquished.

Vanquished Creatures (others)
  14 fulminant prisms
14 creatures vanquished.

Grand Total: 194 creatures vanquished

Notes
Turn   | Place    | Note
-------+----------+-------------------------------------------
     0 | D:1      | Mitcholas the Djinni Conjurer began the quest for the Orb.
     0 | D:1      | Mitcholas set off with the following spells memorised:
                  | Magic Dart, Searing Ray, Dazzling Flash, Fulminant Prism,
                  | Iskenderun's Mystic Blast.
     0 | D:1      | Reached XP level 1. HP: 15/15 MP: 0/0
    73 | D:1      | Reached skill level 1 in Fighting
    73 | D:1      | Reached XP level 2. HP: 20/22 MP: 0/0
   227 | D:1      | Reached XP level 3. HP: 24/27 MP: 0/0
   227 | D:1      | Learned a level 1 spell: Sting
   619 | D:1      | Reached skill level 2 in Fighting
   719 | D:1      | Reached XP level 4. HP: 32/33 MP: 0/0
  1202 | D:2      | Found a glowing golden altar of the Shining One.
  1781 | D:3      | Reached XP level 5. HP: 36/40 MP: 0/0
  1781 | D:3      | Learned a level 2 spell: Poisonous Vapours
  1817 | D:3      | Reached skill level 3 in Fighting
  2052 | D:3      | Noticed Sigmund
  2059 | D:3      | Killed Sigmund
  2060 | D:3      | Reached skill level 4 in Fighting
  2060 | D:3      | Reached XP level 6. HP: 36/47 MP: 0/0
  2492 | D:3      | Identified the ring "Lonojut" {rCorr Dex+2}
  2640 | D:4      | Reached XP level 7. HP: 42/53 MP: 0/0
  2640 | D:4      | Learned a level 3 spell: Stone Arrow
  2790 | D:4      | Reached skill level 5 in Spellcasting
  2834 | D:4      | Reached skill level 5 in Fighting
  3393 | D:4      | Noticed Menkaure
  3399 | D:4      | Killed Menkaure
  3400 | D:4      | Reached XP level 8. HP: 52/61 MP: 0/0
  3768 | D:5      | Entered Level 5 of the Dungeon
  3785 | D:5      | Noticed Edmund
  3798 | D:5      | Killed Edmund
  3799 | D:5      | Reached skill level 6 in Fighting
  4067 | D:5      | Reached skill level 1 in Armour
  4067 | D:5      | Reached skill level 1 in Evocations
  4168 | D:5      | Noticed Grinder
  4172 | D:5      | Killed Grinder
  4286 | D:5      | Reached XP level 9. HP: 52/67 MP: 0/0
  4286 | D:5      | Learned a level 4 spell: Olgreb's Toxic Radiance
  4971 | D:6      | Found a staircase to the Ecumenical Temple.
  4980 | Temple   | Entered the Ecumenical Temple
  5165 | Temple   | Became a worshipper of Ashenzari the Shackled
  5743 | D:7      | Reached skill level 7 in Fighting
  6884 | D:8      | Noticed Amaemon
  6886 | D:8      | Noticed an orange demon
  7237 | D:8      | Noticed a white ugly thing
  7304 | D:8      | Reached XP level 10. HP: 72/76 MP: 0/0
  7419 | D:8      | Noticed Joseph
  7419 | D:8      | Noticed a two-headed ogre
  7551 | D:9      | Reached skill level 8 in Fighting
  7630 | D:9      | Noticed a two-headed ogre
  7649 | D:9      | Killed a two-headed ogre
  7824 | D:8      | Reached skill level 5 in Dodging
  7958 | D:8      | Noticed a boulder beetle
  7971 | D:8      | Killed a boulder beetle
  8038 | D:8      | HP: 2/78 [white ugly thing (9)]
  8038 | D:8      | Annihilated by a white ugly thing

Illustrated notes

Levels and vault maps discovered:
D:1:      tarquinn_simple_flora_water_a, layout_basic, minmay_misc_feat_room,
          st_stairs_11
D:2:      kennysheep_big_flooded_room, layout_loops_ring, basic_altar,
          minmay_misc_feat_chi
D:3:      layout_loops_cross, uniq_sigmund
D:4:      layout_loops_corners, minmay_large_rounded_square, minmay_ruptured,
          uniq_menkaure
D:5:      layout_basic, columned_hall_lemuel, uniq_edmund, uniq_grinder
D:6:      layout_rooms, lemuel_temple_firewalk_a, kennysheep_diamond,
          kennysheep_generic_room_8
D:7:      layout_layer_cave, dreamdust_wishing_well
D:8:      layout_rooms, minmay_pinched_square, uniq_amaemon, uniq_joseph
D:9:      layout_loops_ring, nicolae_overflow_hallway_of_the_gods,
          grunt_temple_overflow_growth_and_decay
Temple:   bh_familiar_temple

Skill      XL: |  1  2  3  4  5  6  7  8  9 10 |
---------------+-------------------------------+-----
Fighting       | 1 2 4 5 6 7 8 |  8.7
Spellcasting   | 4 5 6 7 |  7.5
Armour         | 1 3 4 |  4.1
Evocations     | 1 3 4 |  4.1
Stealth        | 2 3 4 |  4.2
Dodging        | 3 4 5 |  5.2

Action                   |  1- 3 |  4- 6 |  7- 9 | 10-12 || total
-------------------------+-------+-------+-------+-------++-------
 Cast: Magic Dart        |    81 |    62 |   111 |     9 ||   263
       Searing Ray       |       |     5 |     7 |     2 ||    14
       Poisonous Vapours |       |    19 |    46 |    20 ||    85
       Stone Arrow       |       |       |    43 |    15 ||    58
       Fulminant Prism   |       |       |     7 |     7 ||    14
       Iskenderun's Myst |       |       |     1 |     7 ||     8
       Olgreb's Toxic Ra |       |       |     1 |     3 ||     4
Invok: Curse Item        |       |       |     1 |       ||     1
Armor: Robe              |       |     1 |     4 |     2 ||     7
Dodge: Dodged            |     7 |     3 |    11 |     5 ||    26

Table legend: (Time is in decaauts)
 A = Elapsed time spent in this place.
 B = Non-inter-level travel time spent in this place.
 C = Inter-level travel time spent in this place.
 D = Time resting spent in this place.
 E = Time spent auto-exploring this place.
 F = Levels seen in this place.
 G = Mean time per level.
                   A        B        C        D        E       F      G
               +--------+--------+--------+--------+--------+-----+--------+
         Total |   8038 |   7679 |    359 |   1155 |   5513 |  10 |  803.8 |
       Dungeon |   7828 |   7525 |    303 |   1155 |   5364 |   9 |  869.8 |
        Temple |    209 |    153 |     56 |      0 |    149 |   1 |  209.0 |
               +--------+--------+--------+--------+--------+-----+--------+

Top non-repeatable levels by time:
     D:7: 1382 daAuts
     D:4: 1176 daAuts
     D:1: 1010 daAuts
     D:5: 919 daAuts
     D:6: 821 daAuts
     D:2: 811 daAuts
     D:3: 768 daAuts
     D:8: 557 daAuts
     D:9: 381 daAuts
  Temple: 209 daAuts
